 Dungeon Crawl Stone Soup version 0.29.1-4-g47bece8355 (webtiles) character file.

Game seed: 17277489047572940345

112856 Peloso the Fencer (level 16, -11/147 (152) HPs)
             Began as a Minotaur Fighter on Dec 3, 2022.
             Was the Champion of Okawaru.
             Shot with an arrow by a deep elf archer (21 damage)
             ... on level 1 of the Elven Halls on Dec 4, 2022.
             The game lasted 01:00:21 (27160 turns).

Peloso the Fencer (Minotaur Fighter)               Turns: 27160, Time: 01:00:22

HP:   -11/147 (152) AC: 33    Str: 30    XL:     16   Next: 12%
MP:   2/17          EV: 12    Int:  5    God:    Okawaru [******]
Gold: 2582          SH:  0    Dex: 12    Spells: 15/15 levels left

rFire   + . .      SeeInvis .   c - +1 double sword of Attainder {freeze, Will+}
rCold   . . .      Faith    .   d - +3 warlock's mirror {reflect}
rNeg    . . .      Spirit   .   R - +8 chain mail of the Vaults {rPois rF+ Str+3}
rPois   +          Reflect  +   P - +5 hat of Okawaru's Approval {rElec rPois Int+3}
rElec   +          Harm     .   (no cloak)
rCorr   .          Rampage  .   n - +3 Mad Mage's Maulers {Infuse+∞ RegenMP Int-3}
Will    ++...                   o - +0 pair of boots
Stlth   ..........              O - amulet of regeneration
HPRegen 1.14/turn               (no ring)
MPRegen 0.55/turn               v - +4 ring of slaying

@: confused, lightly drained
A: horns 2, retaliatory headbutt
a: Renounce Religion, Heroism, Finesse, Duel


You were on level 1 of the Elven Halls.
You worshipped Okawaru.
Okawaru was exalted by your worship.
You visited 5 branches of the dungeon, and saw 24 of its levels.
You also visited: Ice Cave.

You collected 2814 gold pieces.
You spent 232 gold pieces at shops.

Inventory:

Hand Weapons
 a - a +4 long sword
 b - a +1 scimitar of flaming
 c - the +1 double sword of Attainder (weapon) {freeze, Will+}
   (Okawaru gifted it to you on level 2 of the Orcish Mines)

   It freezes those it strikes, dealing additional cold damage.
   It can also slow down cold-blooded creatures.
   Will:      It increases your willpower.
Armour
 d - the +3 warlock's mirror (worn) {reflect}
   (Okawaru gifted it to you on level 12 of the Dungeon)

   It can block and reflect piercing ranged attacks and magical attacks against
   the wielder's willpower.
 j - the +4 tower shield "Viujehed" {Will+}
   (Okawaru gifted it to you on level 13 of the Dungeon)

   Will:      It increases your willpower.
 n - the +3 Mad Mage's Maulers (worn) {Infuse+∞ RegenMP Int-3}
   (Okawaru gifted it to you on level 1 of the Elven Halls)

   It empowers its wearer's blows with all of their magic.
   It causes its wearer's magical reserves to regenerate more quickly.
   Int:       It affects your intelligence (-3).
 o - a +0 pair of boots (worn)
 F - a +1 pair of gloves of dexterity
 P - the +5 hat of Okawaru's Approval (worn) {rElec rPois Int+3}
   (Okawaru gifted it to you in an ice cave)

   Int:       It affects your intelligence (+3).
   rElec:     It insulates you from electricity.
   rPois:     It protects you from poison.
 R - the +8 chain mail of the Vaults (worn) {rPois rF+ Str+3}
   (Okawaru gifted it to you on level 5 of the Lair of Beasts)

   Str:       It affects your strength (+3).
   rF:        It protects you from fire.
   rPois:     It protects you from poison.
Jewellery
 s - a ring of resist corrosion
 v - a +4 ring of slaying (right hand)
 D - a +4 ring of protection
 O - an amulet of regeneration (around neck)
 T - a ring of protection from cold
Wands
 i - a wand of flame (54)
 m - a wand of digging (5)
Scrolls
 f - 7 scrolls of noise
 h - 7 scrolls of blinking
 l - 3 scrolls of poison
 p - a scroll of silence
 q - a scroll of immolation
 t - 2 scrolls of amnesia
 u - a scroll of magic mapping
 w - 10 scrolls of teleportation
 G - 3 scrolls of enchant weapon
 J - 3 scrolls of fear {unknown}
Potions
 e - 7 potions of heal wounds
 g - 10 potions of curing
 k - 2 potions of haste
 r - a potion of brilliance
 x - 2 potions of flight
 z - a potion of resistance
 H - 2 potions of might
 K - a potion of ambrosia {unknown}
 U - 2 potions of berserk rage {unknown}


   Skills:
 + Level 16.5 Fighting
 + Level 18.0 Long Blades
 + Level 3.2 Polearms
 + Level 15.8 Armour
 + Level 8.3 Dodging
 + Level 3.2 Stealth
 + Level 16.9 Shields
 + Level 3.2 Invocations
 + Level 2.2 Evocations


You had 15 spell levels left.
You didn't know any spells.
Your spell library contained the following spells:

 Spells                   Type           Power      Damage    Failure   Level
 Magic Dart               Conj           0%         1d3       88%         1
 Necrotise                Necr           0%         1d4       88%         1
 Slow                     Hex            0%         N/A       88%         1
 Sting                    Tmut/Pois      0%         1d3       88%         1
 Poisonous Vapours        Pois/Air       0%         N/A       95%         2
 Searing Ray              Conj           0%         2d4       95%         2
 Sublimation of Blood     Necr           0%         N/A       95%         2
 Wereblood                Tmut           0%         N/A       95%         2
 Confusing Touch          Hex            0%         N/A       99%         3
 Dazzling Flash           Conj/Hex       0%         N/A       99%         3
 Mephitic Cloud           Conj/Pois/Air  0%         N/A       99%         3
 Vampiric Draining        Necr           0%         2d6       99%         3
 Airstrike                Air            0%         2d(0-16)  100%        4
 Fulminant Prism          Conj/Hex       0%         3d6       100%        4
 Hailstorm                Conj/Ice       0%         3d3       100%        4
 Ice Form                 Ice/Tmut       0%         N/A       100%        4
 Iskenderun's Mystic Bla  Conj/Tloc      0%         2d3       100%        4
 Olgreb's Toxic Radiance  Pois           0%         N/A       100%        4
 Agony                    Necr           0%         N/A       100%        5
 Blade Hands              Tmut           0%         N/A       100%        5
 Lightning Bolt           Conj/Air       0%         1d11      100%        5
 Iron Shot                Conj/Erth      0%         9d1       100%        6
 Starburst                Conj/Fire      0%         6d3       100%        6
 Borgnjor's Revivificati  Necr           0%         N/A       100%        8
 Necromutation            Tmut/Necr      0%         N/A       100%        8
 Death's Door             Necr           0%         N/A       100%        9
 Call Imp                 Summ           Unusable   N/A       N/A         2
 Animate Armour           Summ/Erth      Unusable   N/A       N/A         4
 Summon Lightning Spire   Summ/Air       Unusable   N/A       N/A         4
 Simulacrum               Ice/Necr       Unusable   N/A       N/A         6
 Summon Hydra             Summ           Unusable   N/A       N/A         7

Dungeon Overview and Level Annotations

Branches:
Dungeon (15/15)            Temple (1/1) D:6            Lair (5/5) D:8
 Shoals (0/4) Lair:3       Spider (0/4) Lair:3        Slime (0/5) Lair:4
    Orc (2/2) D:10            Elf (1/3) Orc:2        Vaults (0/5) D:13
 Depths (0/4) D:15          IceCv (visited)

Altars:
Ashenzari
Cheibriados
Dithmenos
Elyvilon
Fedhas
Hepliaklqana
Kikubaaqudgha
Makhleb
Nemelex Xobeh
Okawaru
Qazlal
Ru
Sif Muna
Vehumet
Xom
Yredelemnul
Zin
The Shining One
Jiyva

Shops:
D:4 :   D:5 !!   D:10 !   Orc:1 (   Orc:2 ?!:[   Elf:1 *

Portals:
Hell: Lair:5

Annotations:
D:2 1 runed translucent door, Crazy Yiuf
D:7 2 transporters, sm0rk's ghost, novice DrTm
Lair:1 1 runed translucent door, Kuidesed's ghost, journeyman DrCj
Lair:5 Casa


Innate Abilities, Weirdness & Mutations

You have a pair of horns on your head.
You reflexively headbutt those who attack you in melee.


Message History

The deep elf archer wields a +0 shortbow.
The deep elf archer shoots an arrow.
The arrow hits you!
Unknown command.
You slice the deep elf zephyrmancer!! You freeze the deep elf zephyrmancer.
The deep elf zephyrmancer is severely wounded.
You feel like a meek peon again.
The deep elf zephyrmancer points at you and mumbles some strange words.
The bolt of lightning misses you.
Unknown command.
You closely miss the deep elf zephyrmancer.
The deep elf zephyrmancer is severely wounded.
The deep elf archer shoots an arrow.
The arrow hits you!
The deep elf archer shoots an arrow.
The arrow hits you!
The deep elf zephyrmancer gestures at you while chanting.
The bolt of lightning misses you.
You hit the deep elf zephyrmancer. You freeze the deep elf zephyrmancer.
You headbutt the deep elf zephyrmancer.
The deep elf zephyrmancer is almost dead.
The deep elf archer shoots an arrow.
The arrow hits you!
You slice the deep elf zephyrmancer!! You freeze the deep elf zephyrmancer.
You kill the deep elf zephyrmancer!
Okawaru accepts your kill.
The deep elf archer shoots an arrow.
The arrow hits you!!
Unknown command.
The deep elf archer points at you and mumbles some strange words.
You are confused.
The deep elf archer mumbles some strange words.
The deep elf archer blinks!
Unknown command.
The deep elf archer shoots an arrow.
The arrow hits you but does no damage.
The deep elf archer shoots an arrow.
The arrow hits you!!
* * * LOW HITPOINT WARNING * * *
Unknown command.
The deep elf archer shoots an arrow.
The arrow hits you!
* * * LOW HITPOINT WARNING * * *
The deep elf archer shoots an arrow.
The arrow hits you!
* * * LOW HITPOINT WARNING * * *
You bump into the rock wall.
The deep elf archer shoots an arrow.
The arrow hits you!!
You die...

...##.#...#########.#...######)##
...'.......................'.....
...##.#...#########.#...####.....
..###.##.## #.##.## ##.... .##
#..#.## #.#### ##... ##
##.#..###### ##)# ##.. #
#.##......# #..# ##'
#####.###.###.## #.
###.......@...### #. #
##....8.....8)..e## ###. ##
#..............)..### ##... .#
#.8.............8.#.####.#..
######...........e.....#.....###.
.....#.......8.8.......#.####.#..
######.................### ##.#.
# #.....8....)8.....# #... #
##.......<.))....## ####


You could see 2 deep elf archers.

Vanquished Creatures
  Jorgrun (Orc:1)
  A frost giant (IceCv)
  2 deep elf sorcerers (Elf:1)
  A very ugly thing (D:15)
  A deep elf demonologist (Elf:1)
  A dire elephant (Lair:5)
  An ettin (D:15)
  10 hydras
  3 boulder beetles
  A hell beast (Lair:5)
  A rakshasa (D:15)
  A centaur warrior (D:15)
  2 ogre magi (Orc:2)
  3 tengu warriors
  5 two-headed ogres
  9 death yaks
  An orc high priest (Elf:1)
  A satyr (shapeshifter) (Elf:1)
  7 dancing weapons (Elf:1)
  Nergalle (Orc:2)
  2 deep elf knights (Elf:1)
  5 skeletal warriors (D:14)
  A swamp dragon (shapeshifter) (D:12)
  2 wizards
  2 deep trolls (D:15)
  2 deep elf archers (Elf:1)
  Pikel (D:7)
  A necromancer (D:15)
  8 orc sorcerers
  2 orc knights (Orc:1)
  10 deep elf pyromancers
  15 deep elf zephyrmancers (Elf:1)
  14 ugly things
  3 manticores
  5 cyclopes
  Maurice (Orc:2)
  An ice statue (IceCv)
  Joseph (D:7)
  7 black mambas
  A smoke demon (Lair:5)
  A cane toad (shapeshifter) (D:9)
  2 orange demons (Lair:5)
  12 cane toads
  7 rime drakes
  7 komodo dragons
  An unseen horror (D:11)
  A kobold demonologist (D:13)
  An efreet (D:13)
  4 red devils (Lair:5)
  A tengu conjurer (D:13)
  3 meliai (D:14)
  A wind drake (Lair:3)
  2 hornets (D:11)
  8 trolls
  5 polar bears
  A wolf spider simulacrum (D:15)
  8 slime creatures
  12 blink frogs
  2 air elementals (Elf:1)
  3 vampires
  6 water elementals
  9 wyverns
  60 yaks
  3 wraiths
  4 basilisks
  2 death yak simulacra (Lair:1)
  4 vampire mosquitoes
  2 wargs
  An acid dragon (D:13)
  Duvessa (D:5)
  13 water moccasins
  4 hell hounds (Lair:5)
  15 orc warriors
  2 meliai simulacra
  3 ice beasts
  A sky beast (D:6)
  3 black bears
  9 ogres
  43 wolves
  7 centaurs
  A lemure (D:7)
  A kobold brigand (D:10)
  11 bullfrogs
  3 necrophages
  3 gnoll sergeants
  3 scorpions
  4 wights (D:9)
  Dowan (D:5)
  7 killer bees (D:10)
  2 elephant simulacra (Lair:1)
  4 electric eels
  7 howler monkeys
  2 jellies
  A crimson imp (D:10)
  3 hounds
  14 orc priests
  2 gnoll boudas (D:7)
  2 iguanas
  38 orc wizards
  Ijyb (D:4)
  7 hell rats (Lair:4)
  A wolf simulacrum (Lair:1)
  19 gnolls
  6 adders
  A white imp (D:5)
  An ufetubus (D:5)
  2 worms
  5 dart slugs
  90 orcs
  8 bats
  7 endoplasms
  3 giant cockroaches
  9 goblins
  11 hobgoblins
  2 jackals (D:1)
  3 quokkas
  11 ball pythons
  3 frilled lizards
  8 kobolds
  9 rats
  A spectral orc (D:6)
728 creatures vanquished.

Vanquished Creatures (collateral kills)
  A troll (Orc:2)
  An orc priest (Orc:2)
2 creatures vanquished.

Vanquished Creatures (others)
  A wizard (D:13)
  12 fungi
  10 plants
  4 withered plants (D:6)
27 creatures vanquished.

Grand Total: 757 creatures vanquished

Notes
Turn   | Place    | Note
-------+----------+-------------------------------------------
     0 | D:1      | Peloso the Minotaur Fighter began the quest for the Orb.
     0 | D:1      | Reached XP level 1. HP: 19/19 MP: 0/0
   124 | D:1      | Found a faded altar of an unknown god.
   171 | D:1      | Reached XP level 2. HP: 27/27 MP: 1/1
   726 | D:1      | Reached XP level 3. HP: 33/33 MP: 2/2
  1409 | D:2      | Reached skill level 3 in Long Blades
  1708 | D:2      | Found a runed translucent door.
  1709 | D:2      | Noticed Crazy Yiuf
  1774 | D:2      | Found a glowing golden altar of the Shining One.
  1954 | D:3      | Reached XP level 4. HP: 40/40 MP: 3/3
  2011 | D:3      | Reached skill level 1 in Dodging
  2342 | D:3      | Found a glowing silver altar of Zin.
  2712 | D:3      | Reached skill level 4 in Long Blades
  2884 | D:4      | Noticed an ogre
  2892 | D:4      | Killed an ogre
  2893 | D:4      | Reached XP level 5. HP: 35/46 MP: 4/4
  3033 | D:4      | Reached skill level 5 in Long Blades
  3033 | D:4      | Reached skill level 5 in Armour
  3035 | D:4      | Reached XP level 6. HP: 50/53 MP: 5/5
  3188 | D:4      | Noticed Ijyb
  3200 | D:4      | Killed Ijyb
  3302 | D:4      | Reached skill level 6 in Long Blades
  3604 | D:4      | Reached XP level 7. HP: 60/60 MP: 6/6
  3631 | D:4      | Found Asodgh's Book Shop.
  3885 | D:5      | Entered Level 5 of the Dungeon
  3885 | D:5      | Found Cemeub's Distillery.
  3901 | D:5      | Bought a potion of degeneration for 14 gold pieces
  3901 | D:5      | Bought a potion of curing for 42 gold pieces
  3926 | D:5      | Reached skill level 5 in Fighting
  3981 | D:5      | Noticed Dowan
  3981 | D:5      | Noticed Duvessa
  3997 | D:4      | Reached skill level 5 in Shields
  4330 | D:6      | Reached skill level 7 in Long Blades
  4507 | D:6      | Reached XP level 8. HP: 36/70 MP: 7/7
  4935 | D:6      | Reached skill level 8 in Long Blades
  5007 | D:6      | Found a sparkling altar of Nemelex Xobeh.
  5180 | D:6      | Found a staircase to the Ecumenical Temple.
  5184 | D:6      | Identified the +3 leather armour of Mumblety Peg {rElec rF+
                  | SInv}
  5191 | Temple   | Entered the Ecumenical Temple
  5236 | Temple   | Became a worshipper of Warmaster Okawaru
  5285 | D:6      | Found a basalt altar of Yredelemnul.
  5417 | D:6      | Found a blossoming altar of Fedhas.
  5419 | D:6      | Found an ancient bone altar of Kikubaaqudgha.
  6042 | D:5      | Found Giyb's Distillery.
  6052 | D:5      | Killed Dowan
  6100 | D:5      | Bought a potion of heal wounds for 55 gold pieces
  6100 | D:5      | Bought a potion of flight for 33 gold pieces
  6100 | D:5      | Bought a potion of mutation for 88 gold pieces
  6136 | D:5      | Killed Duvessa
  6655 | D:7      | Found a transporter.
  6655 | D:7      | Noticed sm0rk's ghost (novice DrTm)
  6655 | D:7      | Noticed a two-headed ogre
  6659 | D:7      | Reached * piety under Okawaru
  6661 | D:7      | Found a transporter.
  6668 | D:7      | Noticed Pikel
  6680 | D:7      | Reached skill level 9 in Long Blades
  6698 | D:7      | Killed Pikel
  6698 | D:7      | Reached ** piety under Okawaru
  6699 | D:7      | Reached XP level 9. HP: 47/79 MP: 8/8
  7217 | D:7      | Reached skill level 10 in Long Blades
  7271 | D:7      | Noticed Joseph
  7282 | D:7      | Killed Joseph
  8368 | D:7      | Reached skill level 1 in Stealth
  8711 | D:8      | Noticed a two-headed ogre
  8714 | D:8      | Noticed a wizard
  8721 | D:8      | Killed a two-headed ogre
  8721 | D:8      | Reached *** piety under Okawaru
  8722 | D:8      | Reached skill level 11 in Long Blades
  8722 | D:8      | Reached XP level 10. HP: 72/88 MP: 6/9
  8743 | D:8      | Killed a wizard
  9074 | D:8      | Found a staircase to the Lair.
  9369 | D:9      | Reached **** piety under Okawaru
  9383 | D:9      | Reached skill level 12 in Long Blades
  9725 | D:9      | Noticed a cane toad
  9725 | D:9      | a blink frog changed into a cane toad
  9728 | D:9      | Killed a cane toad
  9916 | D:9      | Noticed a two-headed ogre
  9923 | D:9      | Killed a two-headed ogre
  9924 | D:9      | Reached skill level 10 in Armour
  9924 | D:9      | Reached skill level 1 in Invocations
  9925 | D:9      | Noticed a two-headed ogre
  9933 | D:9      | Killed a two-headed ogre
  9933 | D:9      | Reached ***** piety under Okawaru
  9934 | D:9      | Reached skill level 1 in Evocations
 10544 | D:10     | Entered Level 10 of the Dungeon
 10643 | D:10     | Reached XP level 11. HP: 67/97 MP: 7/10
 10944 | D:10     | Noticed a two-headed ogre
 10950 | D:10     | Killed a two-headed ogre
 10951 | D:10     | Reached skill level 13 in Long Blades
 11151 | D:10     | Received a gift from Okawaru
 11438 | D:10     | Found a burning altar of Makhleb.
 11438 | D:10     | Found a shimmering altar of Xom.
 11939 | D:10     | Found a staircase to the Orcish Mines.
 11985 | D:10     | Found Felim's Distillery.
 12220 | D:10     | Found a broken altar of Ashenzari.
 12345 | D:11     | Paralysed by a hornet for 1 turns
 12637 | D:11     | Reached skill level 10 in Fighting
 12736 | D:11     | Found a broken altar of Ashenzari.
 12738 | D:11     | Noticed a cyan ugly thing
 12818 | D:10     | Killed a cyan ugly thing
 12851 | D:10     | Reached skill level 14 in Long Blades
 12895 | D:11     | Reached skill level 10 in Shields
 12949 | D:11     | Identified the +6 trident "Yceijeul" {drain, Will- Dex+10}
 13151 | D:11     | Found a glowing silver altar of Zin.
 13236 | D:12     | Noticed a tengu warrior
 13256 | D:12     | Killed a tengu warrior
 13257 | D:12     | Reached XP level 12. HP: 108/108 MP: 10/12
 13285 | D:12     | Noticed a four-headed hydra
 13470 | D:12     | Noticed a boulder beetle
 13493 | D:12     | Killed a boulder beetle
 14085 | D:12     | Reached skill level 5 in Dodging
 14378 | D:12     | Received a gift from Okawaru
 14378 | D:12     | Found the +3 warlock's mirror {reflect}
 14421 | D:12     | Killed a four-headed hydra
 14599 | Lair:1   | Entered Level 1 of the Lair of Beasts
 14599 | Lair:1   | Noticed Kuidesed's ghost (journeyman DrCj)
 14599 | Lair:1   | Found a runed translucent door.
 14623 | Lair:1   | Found a frozen archway.
 14781 | IceCv    | Entered an ice cave
 14836 | IceCv    | Noticed a death yak
 14844 | IceCv    | Killed a death yak
 14910 | IceCv    | Noticed a death yak
 14917 | IceCv    | Noticed a death yak
 14921 | IceCv    | Killed a death yak
 14926 | IceCv    | Killed a death yak
 15171 | IceCv    | Noticed a frost giant
 15191 | IceCv    | Noticed a death yak
 15195 | IceCv    | Killed a death yak
 15222 | IceCv    | Killed a frost giant
 15223 | IceCv    | Reached XP level 13. HP: 57/117 MP: 13/13
 15421 | IceCv    | Reached skill level 15 in Long Blades
 15582 | IceCv    | Identified the +5 hat of Okawaru's Approval {rElec rPois
                  | Int+3} (Okawaru gifted it to you in an ice cave)
 15582 | IceCv    | Received a gift from Okawaru
 16331 | Lair:1   | Found a stormy altar of Qazlal.
 17714 | Lair:3   | Found a staircase to the Shoals.
 17986 | Lair:3   | Received a gift from Okawaru
 18276 | Lair:3   | Found a hole to the Spider Nest.
 18638 | Lair:4   | Found a viscous altar of Jiyva.
 18639 | Lair:4   | Found a staircase to the Slime Pits.
 18656 | Lair:4   | Reached skill level 1 in Polearms
 18755 | Lair:4   | Reached XP level 14. HP: 116/129 MP: 15/15
 19433 | Lair:5   | Entered Level 5 of the Lair of Beasts
 19444 | Lair:5   | Reached skill level 16 in Long Blades
 19576 | Lair:5   | Reached ****** piety under Okawaru
 19719 | Lair:5   | Identified the +8 chain mail of the Vaults {rPois rF+
                  | Str+3} (Okawaru gifted it to you on level 5 of the Lair of
                  | Beasts)
 19719 | Lair:5   | Received a gift from Okawaru
 20055 | Lair:5   | Found a burning altar of Makhleb.
 20173 | Lair:5   | Found a gateway to Hell.
 20180 | Lair:5   | Identified the +0 leather armour of Twilight {rF- rN+
                  | Regen+ Dex+2}
 20409 | Lair:5   | Found a shadowy altar of Dithmenos.
 21045 | Orc:1    | Entered Level 1 of the Orcish Mines
 21099 | Orc:1    | Found Bofotaro's Weapon Shop.
 21356 | Orc:2    | Entered Level 2 of the Orcish Mines
 21358 | Orc:2    | Noticed Maurice
 21613 | Orc:2    | Killed Maurice
 21944 | Orc:2    | Found a staircase to the Elven Halls.
 22009 | Orc:2    | Reached skill level 15 in Shields
 22022 | Orc:2    | Identified the +1 double sword of Attainder {freeze, Will+}
                  | (Okawaru gifted it to you on level 2 of the Orcish Mines)
 22022 | Orc:2    | Received a gift from Okawaru
 22049 | Orc:2    | Found Odouzave's Book Shoppe.
 22092 | Orc:2    | Found an ancient bone altar of Kikubaaqudgha.
 22092 | Orc:2    | Noticed Nergalle
 22106 | Orc:2    | Killed Nergalle
 22143 | Orc:2    | Found a radiant altar of Vehumet.
 22207 | Orc:2    | Found Uroodgh's Magic Scroll Shoppe.
 22249 | Orc:2    | Found Dueppuil's Antique Armour Emporium.
 22262 | Orc:2    | Found Bymufitamp's Distillery.
 22757 | Orc:1    | Noticed Jorgrun
 22796 | Orc:1    | Killed Jorgrun
 22797 | Orc:1    | Reached skill level 15 in Fighting
 23042 | D:13     | Reached XP level 15. HP: 133/141 MP: 16/16
 23068 | D:13     | Identified the +4 tower shield "Viujehed" {Will+} (Okawaru
                  | gifted it to you on level 13 of the Dungeon)
 23068 | D:13     | Received a gift from Okawaru
 23186 | D:13     | Found a gate to the Vaults.
 23369 | D:13     | You fall into a shaft and drop 2 floors!
 23369 | D:15     | Entered Level 15 of the Dungeon
 23689 | D:14     | Reached skill level 15 in Armour
 24105 | D:14     | Reached skill level 17 in Long Blades
 24330 | D:14     | Found a sacrificial altar of Ru.
 24653 | D:15     | Found a staircase to the Depths.
 25925 | Elf:1    | Entered Level 1 of the Elven Halls
 25937 | Elf:1    | Received a gift from Okawaru
 25937 | Elf:1    | Found the +3 Mad Mage's Maulers {Infuse+∞ RegenMP Int-3}
 25940 | Elf:1    | Noticed a deep elf sorcerer
 25959 | Elf:1    | Killed a deep elf sorcerer
 26124 | Elf:1    | Noticed a deep elf sorcerer
 26130 | Elf:1    | Killed a deep elf sorcerer
 26217 | Elf:1    | Paralysed by an air elemental for 1 turns
 26665 | Elf:1    | Reached XP level 16. HP: 125/152 MP: 0/17
 26761 | Elf:1    | Paralysed by an air elemental for 1 turns
 26765 | Elf:1    | Paralysed by an air elemental for 1 turns
 26814 | Elf:1    | Identified the +1 cloak "Caedey" {Dex+4 Slay-4}
 26867 | Elf:1    | Reached skill level 18 in Long Blades
 26974 | Elf:1    | Found Zoqaep's Gadget Gallery.
 27134 | Elf:1    | Noticed a Hell Sentinel
 27160 | Elf:1    | Shot with an arrow by a deep elf archer

Illustrated notes

Levels and vault maps discovered:
D:1:      evilmike_arrival_rings, layout_basic, basic_ecumenical_altar,
          kennysheep_nondescript, minmay_misc_feat_tower
D:2:      layout_rooms, serial_curves, eino_curves_03, eino_curves_02,
          eino_curves_04, basic_altar, uniq_crazy_yiuf_cottage
D:3:      layout_loops_cross, lemuel_tele_altar, grunt_decor_one_mirror,
          columned_hall_lemuel, minmay_shallow_snake_nest
D:4:      layout_basic, serial_shops, kennysheep_little_box, uniq_ijyb
D:5:      layout_basic, serial_shops, nicolae_shop_statue_plus,
          nicolae_stop_n_shop_1, st_stairs_3, small_statue_intersection,
          uniq_duvessa
D:6:      layout_basic, grunt_temple_overflow_growth_and_decay,
          mainiacjoe_overflow_surrounded_room,
          yredelemnul_forgotten_temple_becter, temple_fountains
D:7:      layout_basic, gammafunk_ghost_smash, uniq_pikel, uniq_joseph
D:8:      cheibrodos_wizards_tower, layout_loops_ring, lair_entry_dummy
D:9:      layout_loops_ring
D:10:     layout_grid_maze, grunt_temple_overflow_champion_of_chaos,
          lemuel_coloured_pillars_altar, serial_shops, nicolae_square_shop
D:11:     layout_basic, kennysheep_diamond, reono_crystal_passage, zin_statuary
D:12:     layout_gridville
D:13:     layout_basic, david_vaults_1, amcnicky_mini_pool_small
D:14:     layout_cross, nicolae_ru_sacrificial_ziggurat
D:15:     hangedman_depths_entry_civil_slaughter, layout_basic
Temple:   nicolae_temple_superstar
Lair:1:   layout_chaotic_city, portal_ice_cave_entry_ice_simulacra,
          gammafunk_ghost_grave, lemuel_centaur_altar
Lair:2:   layout_roguey, grunt_forest_large_clearings
Lair:3:   layout_gridlike, minmay_shoals_entry_beasts,
          spider_nest_entry_web_field, infiniplex_staircase_pool
Lair:4:   layout_loops_ring, slime_entry_1, st_stairs_11
Lair:5:   evil_forest, layout_regular_city, basic_altar, minivault_11,
          lemuel_fruit_tree
Orc:1:    layout_diamond_mine, serial_shops, shop, minmay_orc_temple_b,
          uniq_jorgrun
Orc:2:    kennysheep_orc_mage_school, layout_caves, guppyfry_library_mini,
          uniq_maurice
Elf:1:    elf_arrival_002, layout_loops_corners,
          hangedman_elven_crosses_minicolossus, st_stairs_4,
          corexii_hall_statues_i, nicolae_shop_gadgets

Skill      XL: |  1  2  3  4  5  6  7  8  9 10 11 12 13 14 15 16 |
---------------+-------------------------------------------------+-----
Fighting       | 4 6 7 8 9 10 11 13 15 16 | 16.5
Shields        | 4 5 6 8 10 12 13 15 16 | 16.9
Armour         | 4 5 6 7 8 10 11 12 13 14 15 | 15.8
Long Blades    | 3 4 5 6 7 9 11 12 14 15 16 17 18 | 18.0
Dodging        | 1 2 3 4 5 6 7 8 |  8.3
Stealth        | 1 2 3 |  3.2
Invocations    | 1 2 3 |  3.2
Evocations     | 1 2 |  2.2
Polearms       | 1 3 |  3.2

Action                   |  1- 3 |  4- 6 |  7- 9 | 10-12 | 13-15 | 16-18 || total
-------------------------+-------+-------+-------+-------+-------+-------++-------
Melee: Long sword        |    97 |   141 |   282 |   565 |   785 |       ||  1870
       Headbutt          |    12 |    20 |    70 |   145 |   342 |    11 ||   600
       Spear             |       |       |       |     9 |    51 |       ||    60
       Double sword      |       |       |       |       |   519 |    59 ||   578
       Scimitar          |       |       |       |       |     8 |       ||     8
Invok: Heroism           |       |       |     3 |    22 |    12 |     1 ||    38
Evoke: Wand              |       |     4 |       |    18 |     1 |       ||    23
  Use: Scroll            |     4 |     1 |     3 |     9 |     8 |     1 ||    26
       Potion            |       |       |     2 |     7 |       |       ||     9
 Stab: Petrified         |       |       |       |       |     4 |       ||     4
       Petrifying        |       |       |       |       |     1 |       ||     1
       Paralysed         |       |       |       |       |     1 |       ||     1
Armor: Scale mail        |    57 |    72 |       |       |       |       ||   129
       Chain mail        |       |    10 |   161 |   256 |   640 |    39 ||  1106
Dodge: Dodged            |    47 |    59 |   115 |   213 |   586 |    22 ||  1042
Block: Buckler           |    29 |    33 |    80 |    93 |   719 |    30 ||   984
       Kite shield       |       |       |       |   205 |       |       ||   205
       Reflection        |       |       |       |       |    47 |     8 ||    55
